Maple Leafs vs Flyers
(R1)
Created - February 21, 2018 at 22:57
Goals
|
| Maple Leafs |
1 |
2 |
2 |
0 |
1 |
6 |
| Flyers |
2 |
2 |
1 |
0 |
0 |
5 |
|
Shots
|
| Maple Leafs |
15 |
5 |
8 |
1 |
3 |
29 |
| Flyers |
6 |
19 |
8 |
2 |
3 |
35 |
|
1st period
1. Maple Leafs , Fabian Brunnstrom 10 (Gilbert Brule 22, Tobias Enstrom 19) at 11:25
2. Flyers , Jeff Carter 35 (J.T. Miller 14, Wayne Simmonds 17) at 11:35
3. Flyers , Wayne Simmonds 14 (Unassisted) at 17:13
Penalties :
Marc-Édouard Vlasic (Tor) for Slashing (Minor) at 17:40
2nd period
4. Maple Leafs , Artemi Panarin 16 (Jordan Staal 31, Claude Giroux 34) at 6:09
5. Maple Leafs , Claude Giroux 39 (Artemi Panarin 19, Jordan Staal 32) at 6:45 (PP)
6. Flyers , Oliver Ekman-Larsson 2 (Stephane Robidas 11, J.T. Miller 15) at 9:43 (PP)
7. Flyers , Wayne Simmonds 15 (Jeff Carter 43, Nathan Paetsch 9) at 19:26
Penalties :
Wayne Simmonds (Phi) for Interference (Minor) at 6:24, Claude Giroux (Tor) for Hooking (Minor) at 8:33, Blake Comeau (Tor) for Holding (Minor) at 14:59
3rd period
8. Flyers , Dany Heatley 14 (Jakub Voracek 34, Kyle Wellwood 22) at 14:44
9. Maple Leafs , Zac Dalpe 5 (Colby Armstrong 9) at 16:31
10. Maple Leafs , Claude Giroux 40 (Jordan Staal 33) at 17:58 (PP)
Penalties :
Marc-Édouard Vlasic (Tor) for Hooking (Minor) at 2:18, Matthew Lombardi (Phi) for Holding (Minor) at 4:46, Matt Smaby (Phi) for Hooking (Minor) at 11:08, Jeff Woywitka (Phi) for High sticking (Double Minor) at 17:57
Overtime #1
No Goal
Penalties :
No Penalty
Shootout
Penalty Shot by Claude Giroux for Maple Leafs - Stopped by Steve Mason
Penalty Shot by Jeff Carter for Flyers - Stopped by Marc-André Fleury
Penalty Shot by Artemi Panarin for Maple Leafs - Shot Misses the Net
Penalty Shot by Kyle Wellwood for Flyers - Stopped by Marc-André Fleury
Penalty Shot by Fabian Brunnstrom for Maple Leafs - Goal!
Penalty Shot by Dany Heatley for Flyers - Shot Misses the Net
Penalties :
No Penalty
Goalie Stats
Marc-André Fleury (Tor), 30 saves from 35 shots - (0.857), W, 23-19-6, 65:00 minutes
Steve Mason (Phi), 24 saves from 29 shots - (0.828), OTL, 17-5-3, 65:00 minutes
Players Stats for Maple Leafs
Player Name G A P +/- PIM S H SB GA TA FO MP PP MP PK MP
------------------------------------------------------------------------------------
Alex Killorn 0 0 0 0 0 2 0 0 0 0 1/1 11:04 0:00 0:00
Artemi Panarin 1 1 2 -1 0 1 3 1 1 0 2/2 22:53 3:21 1:30
Ben Smith 0 0 0 0 0 0 0 0 0 0 1/1 12:01 0:18 0:00
Blake Comeau 0 0 0 0 2 0 0 0 0 1 0/0 7:41 0:00 0:00
Braydon Coburn 0 0 0 -1 0 1 2 1 1 1 0/0 26:32 2:03 4:07
Claude Giroux 2 1 3 -1 2 3 5 1 3 2 0/0 24:47 3:39 3:14
Colby Armstrong 0 1 1 0 0 3 1 0 1 0 3/4 15:15 2:40 0:00
Eric Nystrom 0 0 0 0 0 0 0 1 1 0 0/0 9:12 0:00 1:47
Evgeny Grachev 0 0 0 0 0 1 2 0 0 0 1/4 6:49 0:00 0:00
Fabian Brunnstrom 1 0 1 0 0 4 1 0 0 0 0/2 17:52 2:40 1:59
Gilbert Brule 0 1 1 0 0 2 2 0 0 0 7/16 17:15 2:40 1:47
John Klingberg 0 0 0 0 0 2 0 1 0 3 0/0 24:24 4:16 0:00
Jordan Staal 0 3 3 -1 0 2 5 1 3 0 16/36 26:24 3:39 3:57
Marc-Édouard Vlasic 0 0 0 0 4 3 1 0 1 0 0/0 23:46 2:47 0:00
Ryan Parent 0 0 0 0 0 1 2 2 0 0 0/0 14:04 0:00 3:00
Taylor Chorney 0 0 0 0 0 1 0 1 0 0 0/0 14:57 0:00 4:07
Tobias Enstrom 0 1 1 -1 0 2 0 2 1 0 0/0 26:49 3:32 3:00
Zac Dalpe 1 0 1 0 0 1 0 0 0 0 1/8 11:04 0:00 0:00
Players Stats for Flyers
Player Name G A P +/- PIM S H SB GA TA FO MP PP MP PK MP
------------------------------------------------------------------------------------
Alexei Morozov 0 0 0 0 0 0 0 1 0 0 0/0 7:08 0:06 0:00
Dany Heatley 1 0 1 1 0 4 5 1 1 1 1/2 18:36 3:27 0:13
Drew Miller 0 0 0 -1 0 1 0 0 1 0 0/0 10:48 0:06 0:00
J.T. Miller 0 2 2 0 0 2 1 2 0 0 4/5 23:26 3:34 1:21
Jakub Voracek 0 1 1 1 0 3 1 0 0 0 1/1 17:56 3:27 0:00
Jeff Carter 1 1 2 1 0 6 1 1 0 0 19/34 23:12 3:34 0:50
Jeff Woywitka 0 0 0 2 4 0 0 2 0 0 0/0 29:46 5:01 1:51
Jonathan Ericsson 0 0 0 2 0 0 1 1 1 0 0/0 29:23 5:01 2:57
Kyle Wellwood 0 1 1 1 0 2 1 0 0 0 9/12 18:15 3:27 1:22
Marcus Kruger 0 0 0 -1 0 2 1 0 1 1 5/9 12:37 0:06 1:38
Mats Zuccarello 0 0 0 -1 0 4 3 0 0 1 0/0 10:23 0:00 0:00
Matt Smaby 0 0 0 1 2 0 0 2 0 1 0/0 12:28 0:00 0:39
Matthew Lombardi 0 0 0 0 2 0 0 0 0 1 3/10 9:35 0:00 2:29
Nathan Paetsch 0 1 1 1 0 1 1 1 0 2 0/0 11:46 0:00 0:00
Oliver Ekman-Larsson 1 0 1 -2 0 3 2 1 0 1 0/0 24:18 2:06 3:49
Rostislav Olesz 0 0 0 0 0 0 0 0 1 0 0/0 10:36 0:00 3:29
Stephane Robidas 0 1 1 -2 0 1 1 2 1 3 0/0 22:22 2:06 3:22
Wayne Simmonds 2 1 3 1 2 6 1 0 1 1 0/1 21:01 3:34 1:16
3 Stars
1 - Claude Giroux (Tor)
2 - Wayne Simmonds (Phi)
3 - Jordan Staal (Tor)
Power Play
Maple Leafs - 2 on 6 Attempt(s) - 33.33%
Flyers - 1 on 4 Attempt(s) - 25.00%
Penalty Kill
Maple Leafs - 3 on 4 Attempt(s) - 75.00%
- Score 0 goal in Penalty Kill
Flyers - 4 on 6 Attempt(s) - 66.67%
- Score 0 goal in Penalty Kill
Team Stat
Maple Leafs - Hits : 24 - Faceoff Wins : 32 - Blocked Shots : 11 - Penalty Minutes : 8
Flyers - Hits : 19 - Faceoff Wins : 42 - Blocked Shots : 14 - Penalty Minutes : 10
Official
Referees : Devorski Paul and Pollock Kevin
Linesman : Bryan Pancich and Scott Driscoll
Game Notes
17:13 of 1st period - Penalty Shot by Wayne Simmonds for Flyers - Goal!
Finance
Level 1 -- Attendance: 6000 (100.00%) -- Ticket Income $540,000
Level 2 -- Attendance: 4546 (90.92%) -- Ticket Income $250,030
Level 3 -- Attendance: 1856 (92.80%) -- Ticket Income $64,960
Level 4 -- Attendance: 4000 (100.00%) -- Ticket Income $100,000
Luxury Box -- Attendance: 755 (75.50%) -- Ticket Income $124,575
Game was played at the Wells Fargo Center.
Total Attendance: 17157 (95.32%)
Total Ticket Income: $1,079,565
Other Income: $161,935
Total Income: $1,241,500
Maple Leafs
5 vs 5 Forward
Center Left Wing Right Wing Time % Phy DF OF
1 Jordan Staal Artemi Panarin Claude Giroux 40 0 1 4
2 Gilbert Brule Fabian Brunnstrom Ben Smith 30 1 2 2
3 Zac Dalpe Alex Killorn Colby Armstrong 20 1 2 2
4 Evgeny Grachev Eric Nystrom Blake Comeau 10 1 2 2
5 vs 5 Defense
Defense Defense Time % Phy DF OF
1 John Klingberg Marc-Édouard Vlasic 40 0 1 4
2 Braydon Coburn Tobias Enstrom 30 0 2 2
3 Taylor Chorney Ryan Parent 20 1 2 2
4 Braydon Coburn Tobias Enstrom 10 1 2 2
PowerPlay Forward
Center Left Wing Right Wing Time % Phy DF OF
1 Jordan Staal Artemi Panarin Claude Giroux 60 1 2 2
2 Gilbert Brule Fabian Brunnstrom Colby Armstrong 40 1 2 2
PowerPlay Defense
Defense Defense Time % Phy DF OF
1 John Klingberg Tobias Enstrom 60 1 2 2
2 Marc-Édouard Vlasic Braydon Coburn 40 1 2 2
Penalty Kill 4 Players Forward
Center Wing Time % Phy DF OF
1 Jordan Staal Claude Giroux 60 1 2 2
2 Gilbert Brule Eric Nystrom 40 1 2 2
Penalty Kill 4 Players Defense
Defense Defense Time % Phy DF OF
1 Braydon Coburn Taylor Chorney 60 1 2 2
2 Tobias Enstrom Ryan Parent 40 1 2 2
Penalty Kill - 3 Players Forward
Forward Time % Phy DF OF
1 Jordan Staal 60 1 2 2
2 Gilbert Brule 40 1 2 2
Penalty Kill - 3 Players Defense
Defense Defense Time % Phy DF OF
1 Braydon Coburn Taylor Chorney 60 1 2 2
2 Tobias Enstrom Ryan Parent 40 1 2 2
4 vs 4 Forward
Center Wing Time % Phy DF OF
1 Jordan Staal Claude Giroux 60 1 2 2
2 Gilbert Brule Colby Armstrong 40 1 2 2
4 vs 4 Defense
Defense Defense Time % Phy DF OF
1 Braydon Coburn Tobias Enstrom 60 1 2 2
2 John Klingberg Marc-Édouard Vlasic 40 1 2 2
Last Minutes Offensive
Center Left Wing Right Wing Defense Defense
Jordan Staal Artemi Panarin Claude Giroux John Klingberg Tobias Enstrom
Last Minutes Defensive
Center Left Wing Right Wing Defense Defense
Jordan Staal Eric Nystrom Claude Giroux Ryan Parent Braydon Coburn
Goaltenders
Starting : Marc-André Fleury
Backup : Alex Stalock
Extra Forwards
Normal : Artemi Panarin, Colby Armstrong, Jordan Staal - PP : Ben Smith, Colby Armstrong - PK : Fabian Brunnstrom
Extra Defensemen
Normal : Tobias Enstrom, Ryan Parent, Braydon Coburn - PP : Marc-Édouard Vlasic - PK : Taylor Chorney, Ryan Parent
Penalty Shots
Claude Giroux, Artemi Panarin, Fabian Brunnstrom, Colby Armstrong, Jordan Staal
Scratches
None
Flyers
5 vs 5 Forward
Center Left Wing Right Wing Time % Phy DF OF
1 Jeff Carter J.T. Miller Wayne Simmonds 40 1 1 3
2 Kyle Wellwood Dany Heatley Jakub Voracek 30 0 1 4
3 Marcus Kruger Drew Miller Mats Zuccarello 20 0 2 3
4 Matthew Lombardi Rostislav Olesz Alexei Morozov 10 0 3 2
5 vs 5 Defense
Defense Defense Time % Phy DF OF
1 Jonathan Ericsson Jeff Woywitka 40 0 2 3
2 Stephane Robidas Oliver Ekman-Larsson 30 0 2 3
3 Nathan Paetsch Matt Smaby 20 0 3 2
4 Oliver Ekman-Larsson Jeff Woywitka 10 0 2 3
PowerPlay Forward
Center Left Wing Right Wing Time % Phy DF OF
1 Jeff Carter J.T. Miller Wayne Simmonds 60 1 0 4
2 Kyle Wellwood Dany Heatley Jakub Voracek 40 0 0 5
PowerPlay Defense
Defense Defense Time % Phy DF OF
1 Jeff Woywitka Jonathan Ericsson 60 0 2 3
2 Stephane Robidas Oliver Ekman-Larsson 40 0 2 3
Penalty Kill 4 Players Forward
Center Wing Time % Phy DF OF
1 Matthew Lombardi Rostislav Olesz 60 0 5 0
2 Kyle Wellwood Wayne Simmonds 40 0 3 2
Penalty Kill 4 Players Defense
Defense Defense Time % Phy DF OF
1 Oliver Ekman-Larsson Stephane Robidas 60 0 5 0
2 Jeff Woywitka Jonathan Ericsson 40 0 5 0
Penalty Kill - 3 Players Forward
Forward Time % Phy DF OF
1 Matthew Lombardi 60 0 5 0
2 Kyle Wellwood 40 0 3 2
Penalty Kill - 3 Players Defense
Defense Defense Time % Phy DF OF
1 Oliver Ekman-Larsson Stephane Robidas 60 0 5 0
2 Jeff Woywitka Jonathan Ericsson 40 0 5 0
4 vs 4 Forward
Center Wing Time % Phy DF OF
1 Jeff Carter J.T. Miller 60 1 1 3
2 Kyle Wellwood Dany Heatley 40 0 1 4
4 vs 4 Defense
Defense Defense Time % Phy DF OF
1 Stephane Robidas Jonathan Ericsson 60 0 3 2
2 Jonathan Ericsson Jeff Woywitka 40 0 3 2
Last Minutes Offensive
Center Left Wing Right Wing Defense Defense
Jeff Carter Dany Heatley Jakub Voracek Jonathan Ericsson Jeff Woywitka
Last Minutes Defensive
Center Left Wing Right Wing Defense Defense
Matthew Lombardi Dany Heatley Wayne Simmonds Jonathan Ericsson Jeff Woywitka
Goaltenders
Starting : Steve Mason
Backup : Cory Schneider
Extra Forwards
Normal : Jeff Carter, Dany Heatley, Jakub Voracek - PP : Jeff Carter, Dany Heatley - PK : Matthew Lombardi
Extra Defensemen
Normal : Oliver Ekman-Larsson, Stephane Robidas, Jeff Woywitka - PP : Jeff Woywitka - PK : Oliver Ekman-Larsson, Jeff Woywitka
Penalty Shots
Jeff Carter, Kyle Wellwood, Dany Heatley, Alexei Morozov, Jakub Voracek
Scratches
None
% Time on Ice - Maple Leafs
Lines # - Real PCT - Wanted PCT - Time Play
Normal Forward
1 - 36% - 40% - 16:55
2 - 25% - 30% - 11:46
3 - 24% - 20% - 11:04
4 - 15% - 10% - 6:49
Normal Defense
1 - 39% - 40% - 18:07
2 - 33% - 30% - 15:15
3 - 22% - 20% - 10:11
4 - 6% - 10% - 3:01
PP Forward
1 - 58% - 60% - 3:39
2 - 42% - 40% - 2:40
PP Defense
1 - 68% - 60% - 4:16
2 - 32% - 40% - 2:03
PK Forward
1 - 75% - 60% - 5:20
2 - 25% - 40% - 1:47
PK Defense
1 - 58% - 60% - 4:07
2 - 42% - 40% - 3:00
PK3 Forward
1 - 0% - 60%
2 - 0% - 40%
PK3 Defense
1 - 0% - 60%
2 - 0% - 40%
44 Forward
1 - 82% - 60% - 4:05
2 - 18% - 40% - 0:55
44 Defense
1 - 52% - 60% - 2:35
2 - 48% - 40% - 2:25
Last Minute Offensive - 0:00
Last Minute Defensive - 0:00
Total
Forward - 65:00
Defense - 65:00
|
% Time on Ice - Flyers
Lines # - Real PCT - Wanted PCT - Time Play
Normal Forward
1 - 35% - 40% - 16:14
2 - 28% - 30% - 12:55
3 - 22% - 20% - 10:23
4 - 15% - 10% - 7:02
Normal Defense
1 - 39% - 40% - 17:58
2 - 31% - 30% - 14:20
3 - 25% - 20% - 11:46
4 - 5% - 10% - 2:30
PP Forward
1 - 52% - 60% - 3:40
2 - 48% - 40% - 3:27
PP Defense
1 - 70% - 60% - 5:01
2 - 30% - 40% - 2:06
PK Forward
1 - 80% - 60% - 5:03
2 - 20% - 40% - 1:16
PK Defense
1 - 53% - 60% - 3:22
2 - 47% - 40% - 2:57
PK3 Forward
1 - 0% - 60%
2 - 0% - 40%
PK3 Defense
1 - 0% - 60%
2 - 0% - 40%
44 Forward
1 - 90% - 60% - 4:29
2 - 10% - 40% - 0:31
44 Defense
1 - 57% - 60% - 2:51
2 - 43% - 40% - 2:09
Last Minute Offensive - 0:00
Last Minute Defensive - 0:00
Total
Forward - 65:00
Defense - 65:00
|
Play by Play
1st period
0:01 of 1st period - Jordan Staal wins face-off versus Jeff Carter in neutral zone.
0:42 of 1st period - Snap shot by Gilbert Brule.
0:42 of 1st period - Shot Misses the Net.
1:12 of 1st period - Jonathan Ericsson is hit by Evgeny Grachev and loses puck.
1:50 of 1st period - Stephane Robidas is hit by Claude Giroux and loses puck.
2:11 of 1st period - Snap shot by Fabian Brunnstrom.
2:11 of 1st period - Shot Misses the Net.
2:34 of 1st period - Icing by John Klingberg.
2:35 of 1st period - Jeff Carter wins face-off versus Zac Dalpe in Maple Leafs zone.
2:36 of 1st period - Wrist shot by J.T. Miller.
2:36 of 1st period - Shot Misses the Net.
2:54 of 1st period - Wrist shot by Alex Killorn.
2:54 of 1st period - Shot Misses the Net.
2:56 of 1st period - Snap shot by John Klingberg.
2:56 of 1st period - Stopped by Steve Mason with a rebound.
2:58 of 1st period - Slapshot by Marc-Édouard Vlasic.
2:58 of 1st period - Shot Misses the Net.
3:00 of 1st period - Snap shot by Marc-Édouard Vlasic.
3:00 of 1st period - Shot Blocked by J.T. Miller.
3:02 of 1st period - Wrist shot by Alex Killorn.
3:02 of 1st period - Stopped by Steve Mason with a rebound.
3:04 of 1st period - Snap shot by Colby Armstrong.
3:04 of 1st period - Stopped by Steve Mason with a rebound.
3:06 of 1st period - Slapshot by Alex Killorn.
3:06 of 1st period - Stopped by Steve Mason with a rebound.
3:08 of 1st period - Slapshot by John Klingberg.
3:08 of 1st period - Shot Blocked by Matt Smaby.
3:20 of 1st period - Wrist shot by Marc-Édouard Vlasic.
3:20 of 1st period - Deflect By Jeff Carter.
3:20 of 1st period - Stopped by Steve Mason with a rebound.
3:30 of 1st period - Wrist shot by Colby Armstrong.
3:30 of 1st period - Stopped by Steve Mason without a rebound.
3:31 of 1st period - Jordan Staal wins face-off versus Kyle Wellwood in Flyers zone.
3:42 of 1st period - Artemi Panarin is hit by Oliver Ekman-Larsson and loses puck.
3:55 of 1st period - Jeff Woywitka is hit by Jordan Staal and loses puck.
4:02 of 1st period - Snap shot by Jakub Voracek.
4:02 of 1st period - Deflect By Kyle Wellwood.
4:02 of 1st period - Stopped by Marc-André Fleury with a rebound.
4:04 of 1st period - Wrist shot by Jeff Woywitka.
4:04 of 1st period - Shot Blocked by Artemi Panarin.
4:10 of 1st period - Wrist shot by Dany Heatley.
4:10 of 1st period - Stopped by Marc-André Fleury without a rebound.
4:11 of 1st period - Gilbert Brule wins face-off versus Marcus Kruger in Maple Leafs zone.
4:26 of 1st period - Wrist shot by Fabian Brunnstrom.
4:26 of 1st period - Shot Misses the Net.
4:28 of 1st period - Wrist shot by Ryan Parent.
4:28 of 1st period - Stopped by Steve Mason without a rebound.
4:29 of 1st period - Jeff Carter wins face-off versus Evgeny Grachev in Flyers zone.
4:40 of 1st period - Wrist shot by Wayne Simmonds.
4:40 of 1st period - Stopped by Marc-André Fleury with a rebound.
4:54 of 1st period - Eric Nystrom is hit by Jakub Voracek and loses puck.
5:14 of 1st period - Icing by Braydon Coburn.
5:15 of 1st period - Marcus Kruger wins face-off versus Evgeny Grachev in Maple Leafs zone.
5:22 of 1st period - Snap shot by Drew Miller.
5:22 of 1st period - Shot Blocked by Eric Nystrom.
5:36 of 1st period - Slapshot by Tobias Enstrom.
5:36 of 1st period - Shot Blocked by Jeff Carter.
5:52 of 1st period - Snap shot by Jordan Staal.
5:52 of 1st period - Stopped by Steve Mason without a rebound.
5:53 of 1st period - Marcus Kruger wins face-off versus Jordan Staal in Flyers zone.
6:34 of 1st period - Claude Giroux is hit by Dany Heatley.
6:38 of 1st period - Jakub Voracek is hit by Claude Giroux and loses puck.
7:29 of 1st period - Snap shot by Oliver Ekman-Larsson.
7:29 of 1st period - Stopped by Marc-André Fleury with a rebound.
7:51 of 1st period - Wrist shot by Kyle Wellwood.
7:51 of 1st period - Shot Misses the Net.
8:45 of 1st period - Slapshot by Marc-Édouard Vlasic.
8:45 of 1st period - Shot Misses the Net.
9:20 of 1st period - Snap shot by Jordan Staal.
9:20 of 1st period - Shot Misses the Net.
9:22 of 1st period - Wrist shot by Marc-Édouard Vlasic.
9:22 of 1st period - Stopped by Steve Mason with a rebound.
9:24 of 1st period - Wrist shot by Claude Giroux.
9:24 of 1st period - Stopped by Steve Mason without a rebound.
9:25 of 1st period - Jeff Carter wins face-off versus Gilbert Brule in Flyers zone.
10:21 of 1st period - Snap shot by Evgeny Grachev.
10:21 of 1st period - Shot Misses the Net.
10:23 of 1st period - Slapshot by Tobias Enstrom.
10:23 of 1st period - Deflect By Evgeny Grachev.
10:23 of 1st period - Shot Misses the Net.
10:23 of 1st period - Puck is out of play.
10:24 of 1st period - J.T. Miller wins face-off versus Gilbert Brule in Flyers zone.
10:24 of 1st period - J.T. Miller is hit by Fabian Brunnstrom.
10:30 of 1st period - Snap shot by J.T. Miller.
10:30 of 1st period - Stopped by Marc-André Fleury without a rebound.
10:31 of 1st period - Jeff Carter wins face-off versus Gilbert Brule in Maple Leafs zone.
10:57 of 1st period - Icing by Ryan Parent.
10:58 of 1st period - Colby Armstrong wins face-off versus Marcus Kruger in Maple Leafs zone.
11:12 of 1st period - Wrist shot by Mats Zuccarello.
11:12 of 1st period - Deflect By Colby Armstrong.
11:12 of 1st period - Shot Blocked by Ryan Parent.
11:12 of 1st period - Puck is out of play.
11:13 of 1st period - Gilbert Brule wins face-off versus Jeff Carter in Maple Leafs zone.
11:13 of 1st period - Gilbert Brule is hit by Jonathan Ericsson.
11:23 of 1st period - Snap shot by Fabian Brunnstrom.
11:23 of 1st period - Stopped by Steve Mason with a rebound.
11:25 of 1st period - Snap shot by Fabian Brunnstrom.
11:25 of 1st period - Goal by Fabian Brunnstrom - Maple Leafs : 1 - Flyers : 0.
11:26 of 1st period - Jeff Carter wins face-off versus Gilbert Brule in neutral zone.
11:35 of 1st period - Snap shot by Jeff Carter.
11:35 of 1st period - Goal by Jeff Carter - Maple Leafs : 1 - Flyers : 1.
11:36 of 1st period - Gilbert Brule wins face-off versus Wayne Simmonds in neutral zone.
11:41 of 1st period - Slapshot by Tobias Enstrom.
11:41 of 1st period - Stopped by Steve Mason with a rebound.
12:07 of 1st period - Off-side.
12:08 of 1st period - Matthew Lombardi wins face-off versus Zac Dalpe in neutral zone.
12:21 of 1st period - Wrist shot by Alex Killorn.
12:21 of 1st period - Shot Misses the Net.
12:23 of 1st period - Slapshot by Ryan Parent.
12:23 of 1st period - Shot Blocked by Alexei Morozov.
12:37 of 1st period - Icing by Gilbert Brule.
12:38 of 1st period - Ben Smith wins face-off versus J.T. Miller in Maple Leafs zone.
12:43 of 1st period - Snap shot by Wayne Simmonds.
12:43 of 1st period - Shot Misses the Net.
12:45 of 1st period - Wrist shot by J.T. Miller.
12:45 of 1st period - Shot Blocked by Tobias Enstrom.
13:05 of 1st period - Fabian Brunnstrom is hit by Wayne Simmonds and loses puck.
13:14 of 1st period - Wrist shot by Fabian Brunnstrom.
13:14 of 1st period - Shot Blocked by Nathan Paetsch.
13:16 of 1st period - Slapshot by Tobias Enstrom.
13:16 of 1st period - Shot Misses the Net.
13:18 of 1st period - Slapshot by Braydon Coburn.
13:18 of 1st period - Stopped by Steve Mason with a rebound.
13:20 of 1st period - Snap shot by Gilbert Brule.
13:20 of 1st period - Shot Misses the Net.
13:22 of 1st period - Slapshot by Braydon Coburn.
13:22 of 1st period - Deflect By Fabian Brunnstrom.
13:22 of 1st period - Shot Misses the Net.
13:22 of 1st period - Puck is out of play.
13:23 of 1st period - Marcus Kruger wins face-off versus Jordan Staal in Flyers zone.
14:11 of 1st period - Blake Comeau is hit by Dany Heatley and loses puck.
14:32 of 1st period - Matt Smaby is hit by Jordan Staal and loses puck.
14:51 of 1st period - Braydon Coburn is hit by Marcus Kruger and loses puck.
15:25 of 1st period - Icing by Tobias Enstrom.
15:26 of 1st period - Gilbert Brule wins face-off versus Kyle Wellwood in Maple Leafs zone.
16:18 of 1st period - Wrist shot by Alexei Morozov.
16:18 of 1st period - Shot Misses the Net.
16:48 of 1st period - Gilbert Brule is hit by Mats Zuccarello and loses puck.
16:59 of 1st period - J.T. Miller is hit by Claude Giroux and loses puck.
17:13 of 1st period - Penalty Shot by Wayne Simmonds for Flyers.
17:13 of 1st period - Deke by Wayne Simmonds.
17:13 of 1st period - Goal by Wayne Simmonds - Maple Leafs : 1 - Flyers : 2.
17:14 of 1st period - Jeff Carter wins face-off versus Gilbert Brule in neutral zone.
17:15 of 1st period - Gilbert Brule wins face-off versus Jeff Carter in Flyers zone.
17:27 of 1st period - Snap shot by Gilbert Brule.
17:27 of 1st period - Shot Blocked by Jeff Woywitka.
17:29 of 1st period - Slapshot by Tobias Enstrom.
17:29 of 1st period - Stopped by Steve Mason without a rebound.
17:30 of 1st period - Marcus Kruger wins face-off versus Jordan Staal in Flyers zone.
17:40 of 1st period - Minor Penalty to Marc-Édouard Vlasic for Slashing.
17:41 of 1st period - J.T. Miller wins face-off versus Jordan Staal in Maple Leafs zone.
18:50 of 1st period - Ryan Parent is hit by Dany Heatley and loses puck.
19:40 of 1st period - Penalty to Marc-Édouard Vlasic is over, Marc-Édouard Vlasic is back on ice.
19:55 of 1st period - John Klingberg is hit by Mats Zuccarello and loses puck.
Goals for this period are 1 for Maple Leafs vs 2 for Flyers.
Shots for this period are 15 for Maple Leafs vs 6 for Flyers.
2nd period
0:01 of 2nd period - Jeff Carter wins face-off versus Jordan Staal in neutral zone.
0:28 of 2nd period - Off-side.
0:29 of 2nd period - Kyle Wellwood wins face-off versus Fabian Brunnstrom in neutral zone.
0:32 of 2nd period - Wrist shot by Dany Heatley.
0:32 of 2nd period - Deflect By Jakub Voracek.
0:32 of 2nd period - Shot Hit the Post.
0:32 of 2nd period - Puck is out of play.
0:33 of 2nd period - Dany Heatley wins face-off versus Gilbert Brule in Maple Leafs zone.
1:02 of 2nd period - Marc-Édouard Vlasic is hit by Oliver Ekman-Larsson and loses puck.
1:27 of 2nd period - Snap shot by Mats Zuccarello.
1:27 of 2nd period - Stopped by Marc-André Fleury without a rebound.
1:28 of 2nd period - Marcus Kruger wins face-off versus Gilbert Brule in Maple Leafs zone.
1:55 of 2nd period - J.T. Miller is hit by Jordan Staal.
2:04 of 2nd period - Off-side.
2:05 of 2nd period - Kyle Wellwood wins face-off versus Zac Dalpe in neutral zone.
2:32 of 2nd period - Nathan Paetsch is hit by Claude Giroux and loses puck.
2:43 of 2nd period - Jordan Staal is hit by J.T. Miller and loses puck.
3:00 of 2nd period - Marcus Kruger is hit by Ryan Parent and loses puck.
3:22 of 2nd period - Colby Armstrong is hit by Mats Zuccarello and loses puck.
4:01 of 2nd period - Snap shot by Alex Killorn.
4:01 of 2nd period - Shot Misses the Net.
4:08 of 2nd period - Off-side.
4:09 of 2nd period - Jordan Staal wins face-off versus Jeff Carter in neutral zone.
4:24 of 2nd period - Wrist shot by Jeff Carter.
4:24 of 2nd period - Deflect By Wayne Simmonds.
4:24 of 2nd period - Stopped by Marc-André Fleury without a rebound.
4:25 of 2nd period - Kyle Wellwood wins face-off versus Gilbert Brule in Maple Leafs zone.
4:38 of 2nd period - Snap shot by Dany Heatley.
4:38 of 2nd period - Deflect By Jakub Voracek.
4:38 of 2nd period - Stopped by Marc-André Fleury without a rebound.
4:39 of 2nd period - Jordan Staal wins face-off versus Jeff Carter in Maple Leafs zone.
5:06 of 2nd period - Ben Smith is hit by Kyle Wellwood and loses puck.
5:35 of 2nd period - Matthew Lombardi is hit by Evgeny Grachev and loses puck.
5:48 of 2nd period - Wrist shot by Mats Zuccarello.
5:48 of 2nd period - Stopped by Marc-André Fleury with a rebound.
5:56 of 2nd period - Mats Zuccarello is hit by Ryan Parent and loses puck.
6:09 of 2nd period - Snap shot by Jordan Staal.
6:09 of 2nd period - Deflect By Artemi Panarin.
6:09 of 2nd period - Goal by Artemi Panarin - Maple Leafs : 2 - Flyers : 2.
6:10 of 2nd period - Jordan Staal wins face-off versus Jeff Carter in neutral zone.
6:24 of 2nd period - Minor Penalty to Wayne Simmonds for Interference.
6:25 of 2nd period - Jordan Staal wins face-off versus Matthew Lombardi in Flyers zone.
6:27 of 2nd period - Slapshot by Jordan Staal.
6:27 of 2nd period - Stopped by Steve Mason without a rebound.
6:28 of 2nd period - Jordan Staal wins face-off versus Matthew Lombardi in Flyers zone.
6:45 of 2nd period - Snap shot by Artemi Panarin.
6:45 of 2nd period - Deflect By Claude Giroux.
6:45 of 2nd period - Goal by Claude Giroux - Maple Leafs : 3 - Flyers : 2.
6:46 of 2nd period - Jeff Carter wins face-off versus Jordan Staal in neutral zone.
7:20 of 2nd period - John Klingberg is hit by Dany Heatley and loses puck.
7:37 of 2nd period - Slapshot by Zac Dalpe.
7:37 of 2nd period - Shot Blocked by Matt Smaby.
8:33 of 2nd period - Minor Penalty to Claude Giroux for Hooking.
8:34 of 2nd period - Jordan Staal wins face-off versus Jeff Carter in Maple Leafs zone.
8:49 of 2nd period - Snap shot by Jeff Carter.
8:49 of 2nd period - Shot Misses the Net.
9:13 of 2nd period - Icing by Dany Heatley.
9:14 of 2nd period - Kyle Wellwood wins face-off versus Fabian Brunnstrom in Flyers zone.
9:37 of 2nd period - Wrist shot by Kyle Wellwood.
9:37 of 2nd period - Stopped by Marc-André Fleury without a rebound.
9:38 of 2nd period - Jeff Carter wins face-off versus Jordan Staal in Maple Leafs zone.
9:39 of 2nd period - Wrist shot by J.T. Miller.
9:39 of 2nd period - Shot Blocked by Taylor Chorney.
9:41 of 2nd period - Slapshot by Stephane Robidas.
9:41 of 2nd period - Shot Blocked by Braydon Coburn.
9:43 of 2nd period - Slapshot by Oliver Ekman-Larsson.
9:43 of 2nd period - Deflect By Braydon Coburn.
9:43 of 2nd period - Goal by Oliver Ekman-Larsson - Maple Leafs : 3 - Flyers : 3.
9:44 of 2nd period - Jeff Carter wins face-off versus Jordan Staal in neutral zone.
9:47 of 2nd period - Wrist shot by Wayne Simmonds.
9:47 of 2nd period - Stopped by Marc-André Fleury with a rebound.
9:49 of 2nd period - Snap shot by Jeff Carter.
9:49 of 2nd period - Stopped by Marc-André Fleury without a rebound.
9:50 of 2nd period - Jeff Carter wins face-off versus Jordan Staal in Maple Leafs zone.
9:53 of 2nd period - Snap shot by Jeff Carter.
9:53 of 2nd period - Stopped by Marc-André Fleury with a rebound.
9:55 of 2nd period - Slapshot by Jonathan Ericsson.
9:55 of 2nd period - Shot Blocked by Jordan Staal.
9:57 of 2nd period - Snap shot by Wayne Simmonds.
9:57 of 2nd period - Shot Blocked by Tobias Enstrom.
10:27 of 2nd period - Snap shot by Fabian Brunnstrom.
10:27 of 2nd period - Stopped by Steve Mason without a rebound.
10:28 of 2nd period - Jordan Staal wins face-off versus Matthew Lombardi in Flyers zone.
11:14 of 2nd period - Off-side.
11:15 of 2nd period - Kyle Wellwood wins face-off versus Zac Dalpe in neutral zone.
11:31 of 2nd period - Icing by Dany Heatley.
11:32 of 2nd period - Kyle Wellwood wins face-off versus Jordan Staal in Flyers zone.
12:22 of 2nd period - Icing by Kyle Wellwood.
12:23 of 2nd period - Alex Killorn wins face-off versus Kyle Wellwood in Flyers zone.
12:30 of 2nd period - Snap shot by Zac Dalpe.
12:30 of 2nd period - Shot Blocked by Jonathan Ericsson.
12:49 of 2nd period - Zac Dalpe is hit by Jeff Carter and loses puck.
13:37 of 2nd period - Wrist shot by Alex Killorn.
13:37 of 2nd period - Shot Blocked by Oliver Ekman-Larsson.
13:39 of 2nd period - Snap shot by Tobias Enstrom.
13:39 of 2nd period - Shot Blocked by Stephane Robidas.
14:14 of 2nd period - Wrist shot by Alex Killorn.
14:14 of 2nd period - Deflect By Zac Dalpe.
14:14 of 2nd period - Shot Blocked by Stephane Robidas.
14:14 of 2nd period - Puck is out of play.
14:15 of 2nd period - Jeff Carter wins face-off versus Jordan Staal in Flyers zone.
14:48 of 2nd period - Wrist shot by Kyle Wellwood.
14:48 of 2nd period - Shot Misses the Net.
14:54 of 2nd period - Wrist shot by Jakub Voracek.
14:54 of 2nd period - Stopped by Marc-André Fleury with a rebound.
14:56 of 2nd period - Slapshot by Nathan Paetsch.
14:56 of 2nd period - Deflect By Fabian Brunnstrom.
14:56 of 2nd period - Stopped by Marc-André Fleury without a rebound.
14:57 of 2nd period - Evgeny Grachev wins face-off versus Marcus Kruger in Maple Leafs zone.
14:59 of 2nd period - Minor Penalty to Blake Comeau for Holding.
15:00 of 2nd period - J.T. Miller wins face-off versus Jordan Staal in Maple Leafs zone.
15:02 of 2nd period - Snap shot by J.T. Miller.
15:02 of 2nd period - Stopped by Marc-André Fleury without a rebound.
15:03 of 2nd period - Jordan Staal wins face-off versus Jeff Carter in Maple Leafs zone.
15:16 of 2nd period - Slapshot by Jeff Carter.
15:16 of 2nd period - Stopped by Marc-André Fleury with a rebound.
15:18 of 2nd period - Snap shot by Jeff Carter.
15:18 of 2nd period - Deflect By Claude Giroux.
15:18 of 2nd period - Stopped by Marc-André Fleury without a rebound.
15:19 of 2nd period - Jeff Carter wins face-off versus Jordan Staal in Maple Leafs zone.
16:59 of 2nd period - Penalty to Blake Comeau is over, Blake Comeau is back on ice.
17:47 of 2nd period - Wrist shot by Drew Miller.
17:47 of 2nd period - Shot Misses the Net.
17:49 of 2nd period - Wrist shot by Marcus Kruger.
17:49 of 2nd period - Stopped by Marc-André Fleury with a rebound.
17:51 of 2nd period - Slapshot by Drew Miller.
17:51 of 2nd period - Stopped by Marc-André Fleury without a rebound.
17:52 of 2nd period - Zac Dalpe wins face-off versus Jeff Carter in Maple Leafs zone.
17:59 of 2nd period - Slapshot by Marc-Édouard Vlasic.
17:59 of 2nd period - Stopped by Steve Mason without a rebound.
18:00 of 2nd period - Jeff Carter wins face-off versus Zac Dalpe in Flyers zone.
18:11 of 2nd period - Snap shot by Jeff Carter.
18:11 of 2nd period - Shot Blocked by John Klingberg.
19:00 of 2nd period - Matthew Lombardi is hit by Gilbert Brule and loses puck.
19:24 of 2nd period - Snap shot by Jeff Carter.
19:24 of 2nd period - Shot Misses the Net.
19:26 of 2nd period - Snap shot by Wayne Simmonds.
19:26 of 2nd period - Goal by Wayne Simmonds - Maple Leafs : 3 - Flyers : 4.
19:27 of 2nd period - Jeff Carter wins face-off versus Jordan Staal in neutral zone.
19:36 of 2nd period - Snap shot by J.T. Miller.
19:36 of 2nd period - Shot Blocked by Ryan Parent.
19:38 of 2nd period - Snap shot by Jeff Carter.
19:38 of 2nd period - Stopped by Marc-André Fleury with a rebound.
19:40 of 2nd period - Slapshot by Wayne Simmonds.
19:40 of 2nd period - Shot Misses the Net.
19:42 of 2nd period - Wrist shot by Wayne Simmonds.
19:42 of 2nd period - Stopped by Marc-André Fleury with a rebound.
19:57 of 2nd period - Slapshot by Tobias Enstrom.
19:57 of 2nd period - Shot Blocked by Dany Heatley.
19:59 of 2nd period - Slapshot by Tobias Enstrom.
19:59 of 2nd period - Shot Blocked by Jeff Woywitka.
Goals for this period are 2 for Maple Leafs vs 2 for Flyers.
Shots for this period are 5 for Maple Leafs vs 19 for Flyers.
3rd period
0:01 of 3rd period - Jeff Carter wins face-off versus Jordan Staal in neutral zone.
0:04 of 3rd period - Snap shot by Wayne Simmonds.
0:04 of 3rd period - Stopped by Marc-André Fleury with a rebound.
0:06 of 3rd period - Wrist shot by Jeff Carter.
0:06 of 3rd period - Deflect By J.T. Miller.
0:06 of 3rd period - Shot Misses the Net.
0:06 of 3rd period - Puck is out of play.
0:07 of 3rd period - J.T. Miller wins face-off versus Jordan Staal in Maple Leafs zone.
0:22 of 3rd period - Snap shot by Wayne Simmonds.
0:22 of 3rd period - Deflect By Artemi Panarin.
0:22 of 3rd period - Shot Blocked by Claude Giroux.
0:22 of 3rd period - Puck is out of play.
0:23 of 3rd period - Kyle Wellwood wins face-off versus Gilbert Brule in Maple Leafs zone.
0:32 of 3rd period - Wrist shot by Gilbert Brule.
0:32 of 3rd period - Stopped by Steve Mason with a rebound.
0:34 of 3rd period - Snap shot by John Klingberg.
0:34 of 3rd period - Shot Misses the Net.
1:34 of 3rd period - Off-side.
1:35 of 3rd period - Matthew Lombardi wins face-off versus Zac Dalpe in neutral zone.
1:38 of 3rd period - Slapshot by Oliver Ekman-Larsson.
1:38 of 3rd period - Stopped by Marc-André Fleury with a rebound.
1:40 of 3rd period - Slapshot by Stephane Robidas.
1:40 of 3rd period - Stopped by Marc-André Fleury with a rebound.
2:12 of 3rd period - Snap shot by J.T. Miller.
2:12 of 3rd period - Shot Hit the Post.
2:18 of 3rd period - Minor Penalty to Marc-Édouard Vlasic for Hooking.
2:19 of 3rd period - Jordan Staal wins face-off versus Jeff Carter in Maple Leafs zone.
4:00 of 3rd period - Jonathan Ericsson is hit by Braydon Coburn and loses puck.
4:18 of 3rd period - Penalty to Marc-Édouard Vlasic is over, Marc-Édouard Vlasic is back on ice.
4:46 of 3rd period - Minor Penalty to Matthew Lombardi for Holding.
4:47 of 3rd period - Artemi Panarin wins face-off versus Marcus Kruger in Flyers zone.
5:13 of 3rd period - Stephane Robidas is hit by Colby Armstrong and loses puck.
6:45 of 3rd period - Rostislav Olesz is hit by Jordan Staal and loses puck.
6:46 of 3rd period - Penalty to Matthew Lombardi is over, Matthew Lombardi is back on ice.
9:15 of 3rd period - Alexei Morozov is hit by Gilbert Brule and loses puck.
9:28 of 3rd period - Drew Miller is hit by Braydon Coburn and loses puck.
9:41 of 3rd period - Jeff Woywitka is hit by Artemi Panarin and loses puck.
9:52 of 3rd period - Kyle Wellwood is hit by Marc-Édouard Vlasic and loses puck.
10:07 of 3rd period - Slapshot by Gilbert Brule.
10:07 of 3rd period - Stopped by Steve Mason without a rebound.
10:08 of 3rd period - Gilbert Brule wins face-off versus Matthew Lombardi in Flyers zone.
10:11 of 3rd period - Wrist shot by Ben Smith.
10:11 of 3rd period - Deflect By Fabian Brunnstrom.
10:11 of 3rd period - Stopped by Steve Mason with a rebound.
10:13 of 3rd period - Snap shot by Fabian Brunnstrom.
10:13 of 3rd period - Shot Misses the Net.
10:36 of 3rd period - Nathan Paetsch is hit by Jordan Staal and loses puck.
11:02 of 3rd period - Braydon Coburn is hit by Nathan Paetsch and loses puck.
11:08 of 3rd period - Minor Penalty to Matt Smaby for Hooking.
11:09 of 3rd period - Matthew Lombardi wins face-off versus Jordan Staal in Flyers zone.
11:09 of 3rd period - Matthew Lombardi is hit by Artemi Panarin.
11:27 of 3rd period - Stephane Robidas is hit by Claude Giroux and loses puck.
12:05 of 3rd period - Wrist shot by J.T. Miller.
12:05 of 3rd period - Shot Misses the Net.
13:08 of 3rd period - Penalty to Matt Smaby is over, Matt Smaby is back on ice.
13:17 of 3rd period - Wrist shot by Mats Zuccarello.
13:17 of 3rd period - Stopped by Marc-André Fleury with a rebound.
13:24 of 3rd period - Icing by Eric Nystrom.
13:25 of 3rd period - Jeff Carter wins face-off versus Evgeny Grachev in Maple Leafs zone.
13:46 of 3rd period - Snap shot by Eric Nystrom.
13:46 of 3rd period - Shot Misses the Net.
14:18 of 3rd period - Wrist shot by Evgeny Grachev.
14:18 of 3rd period - Stopped by Steve Mason with a rebound.
14:20 of 3rd period - Slapshot by Blake Comeau.
14:20 of 3rd period - Shot Blocked by J.T. Miller.
14:22 of 3rd period - Slapshot by Taylor Chorney.
14:22 of 3rd period - Deflect By Jeff Carter.
14:22 of 3rd period - Stopped by Steve Mason without a rebound.
14:23 of 3rd period - Kyle Wellwood wins face-off versus Jordan Staal in Flyers zone.
14:30 of 3rd period - Wrist shot by Dany Heatley.
14:30 of 3rd period - Stopped by Marc-André Fleury without a rebound.
14:31 of 3rd period - Kyle Wellwood wins face-off versus Jordan Staal in Maple Leafs zone.
14:44 of 3rd period - Backhand shot by Dany Heatley.
14:44 of 3rd period - Goal by Dany Heatley - Maple Leafs : 3 - Flyers : 5.
14:45 of 3rd period - Jordan Staal wins face-off versus Jeff Carter in neutral zone.
14:52 of 3rd period - Slapshot by Claude Giroux.
14:52 of 3rd period - Shot Misses the Net.
14:54 of 3rd period - Snap shot by Jordan Staal.
14:54 of 3rd period - Shot Misses the Net.
14:56 of 3rd period - Wrist shot by Claude Giroux.
14:56 of 3rd period - Shot Misses the Net.
14:58 of 3rd period - Snap shot by John Klingberg.
14:58 of 3rd period - Stopped by Steve Mason without a rebound.
14:59 of 3rd period - Jordan Staal wins face-off versus Jeff Carter in Flyers zone.
16:15 of 3rd period - Wrist shot by Mats Zuccarello.
16:15 of 3rd period - Stopped by Marc-André Fleury with a rebound.
16:17 of 3rd period - Snap shot by Marcus Kruger.
16:17 of 3rd period - Stopped by Marc-André Fleury without a rebound.
16:18 of 3rd period - Jeff Carter wins face-off versus Zac Dalpe in Maple Leafs zone.
16:29 of 3rd period - Wrist shot by Zac Dalpe.
16:29 of 3rd period - Shot Hit the Post.
16:31 of 3rd period - Wrist shot by Zac Dalpe.
16:31 of 3rd period - Goal by Zac Dalpe - Maple Leafs : 4 - Flyers : 5.
16:32 of 3rd period - Colby Armstrong wins face-off versus Jeff Carter in neutral zone.
17:03 of 3rd period - Snap shot by Gilbert Brule.
17:03 of 3rd period - Shot Misses the Net.
17:47 of 3rd period - Off-side.
17:48 of 3rd period - Colby Armstrong wins face-off versus Dany Heatley in neutral zone.
17:57 of 3rd period - Double Minor Penalty to Jeff Woywitka for High sticking.
17:58 of 3rd period - Jordan Staal wins face-off versus Matthew Lombardi in Flyers zone.
17:58 of 3rd period - Backhand shot by Claude Giroux.
17:58 of 3rd period - Goal by Claude Giroux - Maple Leafs : 5 - Flyers : 5.
17:59 of 3rd period - Jordan Staal wins face-off versus Matthew Lombardi in neutral zone.
18:44 of 3rd period - Slapshot by Colby Armstrong.
18:44 of 3rd period - Deflect By Kyle Wellwood.
18:44 of 3rd period - Shot Misses the Net.
18:44 of 3rd period - Puck is out of play.
18:45 of 3rd period - Gilbert Brule wins face-off versus Matthew Lombardi in Flyers zone.
19:58 of 3rd period - Penalty to Jeff Woywitka is over, Jeff Woywitka is back on ice.
Goals for this period are 2 for Maple Leafs vs 1 for Flyers.
Shots for this period are 8 for Maple Leafs vs 8 for Flyers.
Overtime #1
0:01 of 1st overtime period - Jordan Staal wins face-off versus Jeff Carter in neutral zone.
0:16 of 1st overtime period - Braydon Coburn is hit by Stephane Robidas and loses puck.
0:45 of 1st overtime period - Jordan Staal is hit by Dany Heatley and loses puck.
0:50 of 1st overtime period - Snap shot by Jakub Voracek.
0:50 of 1st overtime period - Stopped by Marc-André Fleury without a rebound.
0:51 of 1st overtime period - Artemi Panarin wins face-off versus Jeff Carter in Maple Leafs zone.
1:30 of 1st overtime period - Slapshot by Dany Heatley.
1:30 of 1st overtime period - Stopped by Marc-André Fleury without a rebound.
1:31 of 1st overtime period - Jeff Carter wins face-off versus Jordan Staal in Maple Leafs zone.
1:56 of 1st overtime period - Snap shot by Colby Armstrong.
1:56 of 1st overtime period - Stopped by Steve Mason with a rebound.
3:31 of 1st overtime period - Icing by Braydon Coburn.
3:32 of 1st overtime period - Jakub Voracek wins face-off versus Colby Armstrong in Maple Leafs zone.
4:21 of 1st overtime period - Jonathan Ericsson is hit by Artemi Panarin and loses puck.
Goals for this period are 0 for Maple Leafs vs 0 for Flyers.
Shots for this period are 1 for Maple Leafs vs 2 for Flyers.
ShootOut
5:00 of 1st overtime period - Penalty Shot by Claude Giroux for Maple Leafs.
5:00 of 1st overtime period - Deke by Claude Giroux.
5:00 of 1st overtime period - Stopped by Steve Mason.
5:00 of 1st overtime period - Penalty Shot by Jeff Carter for Flyers.
5:00 of 1st overtime period - Deke by Jeff Carter.
5:00 of 1st overtime period - Stopped by Marc-André Fleury.
5:00 of 1st overtime period - Penalty Shot by Artemi Panarin for Maple Leafs.
5:00 of 1st overtime period - Snap shot by Artemi Panarin.
5:00 of 1st overtime period - Shot Misses the Net.
5:00 of 1st overtime period - Penalty Shot by Kyle Wellwood for Flyers.
5:00 of 1st overtime period - Deke by Kyle Wellwood.
5:00 of 1st overtime period - Stopped by Marc-André Fleury.
5:00 of 1st overtime period - Penalty Shot by Fabian Brunnstrom for Maple Leafs.
5:00 of 1st overtime period - Wrist shot by Fabian Brunnstrom.
5:00 of 1st overtime period - Goal by Fabian Brunnstrom.
5:00 of 1st overtime period - Penalty Shot by Dany Heatley for Flyers.
5:00 of 1st overtime period - Backhand shot by Dany Heatley.
5:00 of 1st overtime period - Shot Misses the Net.
Back to the Top